[Event "*** Titled Tuesday 3|2 Blitz (Early)"]
[Site "Chess.com"]
[Date "2016.12.06"]
[Round "5"]
[White "avto24"]
[Black "MyleneFarmer"]
[Result "1/2-1/2"]
[WhiteElo "2304"]
[BlackElo "2376"]
[TimeControl "180+2"]
[EndTime "12:04:19 PST"]
[Termination "Game drawn by agreement"]

1. e4 c5 2. c3 Nf6 3. e5 Nd5 4.
d4 cxd4 5. Nf3 d6 6. cxd4 e6 7. Bc4 Nc6 8. O-O Be7 9. Re1 O-O 10. a3 Bd7 11. Bxd5 exd5 12. Nc3 dxe5 13. Nxd5 Be6 14. Nxe7+ Qxe7 15. Nxe5 Nxe5 16. Rxe5 Rfd8 17. Be3 Qf6 18. Qa4 Qg6 19. h3 b6 20. Rc1 h6 21. Kh2 Bd7 22.
Qa6 Bc6 23. f3 Bd5 24. Rc7 Qd6 25. Bf4 Qxc7 26. Re8+ Rxe8 27. Bxc7 Re7 28. Bd6 Rd7 29. Be5 f6 30. Qb5 Rad8 31. Bf4 Kf7 32. h4 g5 33. Bg3 Kg6 34. Qd3+ f5 35. Be5 Be6 36. g4 Rd5 37. h5+ Kf7 38. gxf5 Rxe5 39. fxe6+ Rxe6 40. Qh7+ Ke8 41. Qg8+ Kd7 42. Qg7+ Ke8 43. Qxa7 Rxd4 44. Kg3 Rf4 45. Qb8+ Ke7 46. Qb7+ Ke8 47. b4 Re3 48. Qc6+ Kf7 49. Qc7+ Kf8 50. Qd6+ Kf7 51. Qg6+ Ke7 52. Qxb6 Rfxf3+ 53. Kg2 Rg3+ 54. Kh2 Rh3+ 55. Kg2 Rhg3+ 56. Kf2 Rgf3+ 57. Kg2 Rg3+ 58. Kh2 Rh3+ 59. Kg1 Rhg3+ 60. Kf2 Rgf3+ 61. Kg2 Rg3+ 62. Kf1 Rgf3+ 63. Kg1 Rg3+ 1/2-1/2

[Event "*** Titled Tuesday 3|2 Blitz (Early)"]
[Site "Chess.com"]
[Date "2016.12.06"]
[Round "5"]
[White "FearlessKing64"]
[Black "Zhani-Z"]
[Result "0-1"]
[WhiteElo "1989"]
[BlackElo "2282"]
[TimeControl "180+2"]
[EndTime "12:04:20 PST"]
[Termination "Zhani-Z won by checkmate"]

1. e4 c5 2. Nf3 d6 3. d4 cxd4 4.
Nxd4 Nf6 5. f3 Nc6 6. c4 g6 7. Be3 Bg7 8. Qd2 O-O 9. Nc3 Bd7 10.
Rc1 a5 11. b3 Nxd4 12. Bxd4 Bc6 13. Be2 Nd7 14. Be3 Nc5 15. O-O Qb6 16. Nb5 Rfc8 17.
Rfd1 Qd8 18. Kh1 h5 19. Nd4 Qf8 20. Bd3 b6 21. Nxc6 Rxc6 22. Bc2 Rac8 23. Rb1 Nd7 24. Bd3 Nc5 25. Bc2 Nd7 26. Bd3 Kh7 27. a3 Ra8 28. f4 Rc7 29. Qf2 Qb8 30. f5 Ne5 31. Bxb6 Rb7 32. Bd4 Rxb3 33. Bxe5 Bxe5 34. fxg6+ fxg6 35. Qf7+ Kh6 36. Bc2 Rxb1 37. Rxb1 Qf8 38. Qf3 Qg8 39.
Bd3 Rf8 40. Qe2 Qe6 41. g3 Qh3 42. Rf1 Rxf1+ 43. Qxf1 Qc8 44. Qc1+ Kg7 45. Qg5 Bf6 46. Qd5 Qc7 47. Kg2 Qb6 48. Kf3 Qb3 49. h4 Qxa3 50. g4 hxg4+ 51. Kxg4 Qa1 52. c5 Qg1+ 53. Kf3 Qxc5 54. Qe6 Qc3 55. Ke2 Qe5 56. Qg4 Qh2+ 57. Kd1 Qxh4 58. Qe6 Qh1+ 59. Kc2 Qg2+ 60. Kb3 Qb2+ 61.
Kc4 Qb4+ 62. Kd5 Qc5# 0-1

[Event "*** Titled Tuesday 3|2 Blitz (Early)"]
[Site "Chess.com"]
[Date "2016.12.06"]
[Round "5"]
[White "Holden-Caulfield"]
[Black "Mornar1951"]
[Result "1/2-1/2"]
[WhiteElo "2482"]
[BlackElo "2589"]
[TimeControl "180+2"]
[EndTime "12:04:22 PST"]
[Termination "Game drawn by repetition"]

1. d4 d5 2. Nf3 Nf6 3. Bf4 Bf5 4. e3 e6 5. Nbd2 Bd6 6. Bg3 O-O 7. Be2 Ne4 8. Nxe4 Bxe4 9. O-O c5 10. c3 Nc6 11.
Qb3 Bxg3 12. hxg3 Qb6 13. Nd2 Bg6 14. Rfe1 Rfc8 15. Qxb6 axb6 16. a3 Kf8 17. f3 h5 18.
Kf2 Ne7 19. Rh1 Ng8 20. Rae1 Nf6 21. Bd1 Ke7 22. Be2 Rc7 23. Bb5 Ra5 24. Be2 Ra8 25.
Bf1 Rac8 26. Bb5 Rd8 27. Rhf1 Ra8 28. Be2 Ne8 29. Rh1 Rac8 30. Bb5 Nf6 31. Be2 Ra8 32. Rh4 Bf5 33. Rhh1 Rcc8 34. Rh4 Bg6 35. Rhh1 Rh8 36. Nb3 Bc2 37. Nd2 Bg6 38. Nb3 Kd6 39. Nd2 Nd7 40.
Bb5 Nf6 41. Be2 c4 42. e4 Kc6 43. Bd1 b5 44. e5 Nd7 45. f4 Nb6 46. Nf3 Na4 47.
Bxa4 bxa4 48. Ng5 Rhf8 49. Nf3 Ra5 50. Re2 Rb5 51. Rd2 Kd7 52. Ng5 Ke7 53. Re1 Rc8 54. Kg1 Rc6 55. Ree2 Rcb6 56. Rf2 Bf5 57. Nf3 Be4 58. Nh4 g6 59. Nf3 Rb3 60. Ng5 Bf5 61. Kh2 R6b5 62. Kg1 Rb6 63. Kh2 Ra6 64. Kg1 Ra8 65. Kh2 b5 66. Kg1 Rc8 67. Kh2 Ra8 68. Kg1 Ra7 69. Nh7 Rb7 70. Nf6 Ra7 71. Kh2 Rb7 72. Ng8+ Kf8 73. Nf6 Rc7 74. Kg1 Ke7 75. Ng8+ Kf8 76. Nf6 Ke7 77. Ng8+ Kd8 78. Nf6 Ke7 79.
Ng8+ Kf8 80. Nf6 Rb7 81. Kh2 Rc7 82. g4 hxg4 83. Kg3 Ke7 84. Ng8+ Kf8 85. Nf6 Ke7 86. Ng8+ Kf8 87. Nf6 Ke7 88. Ng8+ Kf8 89. Nf6 Ke7 90.
Ng8+ 1/2-1/2

[Event "*** Titled Tuesday 3|2 Blitz (Early)"]
[Site "Chess.com"]
[Date "2016.12.06"]
[Round "5"]
[White "LawrenceTrent"]
[Black "Pierrebl"]
[Result "0-1"]
[WhiteElo "2424"]
[BlackElo "2483"]
[TimeControl "180+2"]
[EndTime "12:04:43 PST"]
[Termination "Pierrebl won by resignation"]

1. d4 Nf6 2. Bg5 c5 3. d5 d6 4. Nc3 g6 5. Bxf6 exf6 6. Nf3 Bg7 7. e3 O-O 8. Be2 f5 9. O-O Nd7 10. Nd2 Ne5 11. h3 Re8 12. Qc1 Rb8 13. a4 a6 14. a5 h5 15. Nb3 Qe7 16. Re1 Nd7 17.
Na4 Nf6 18. Nb6 Nd7 19. Nc4 Ne5 20. Nxe5 Qxe5 21. c4 Qxb2 22. Qxb2 Bxb2 23. Ra2 Bc3 24. Rc1 Bb4 25. Na1 b6 26. axb6 Rxb6 27. Nc2 a5 28.
Na3 Bd7 29. Nb5 Ra8 30. Rca1 Bxb5 31. cxb5 Kg7 32. Bc4 Re8 33. Rc2 Kf6 34. g3 h4 35.
gxh4 Rh8 36. Kg2 Rxh4 37. Kg3 Rh7 38. h4 Rb8 39. Rca2 Rbh8 40. Rh1 Kg7 41. Be2 Kf6 42. Bc4 Re8 43. Bd3 Rhh8 44. Rd1 Re5 45. Be2 Re4 46.
Rh1 c4 47. Rc2 c3 48. h5 gxh5 49. Rxh5 Rxh5 50. Bxh5 Re7 51. Ra2 Rc7 52. Bd1 Rc5 53. Ba4 Rc7 54. f4 Re7 55. Kf3 Bc5 56. Re2 Re4 57.
Bc2 Rb4 58. Bd3 a4 59. Ra2 a3 60. Rxa3 c2 61. Rc3 Rb3 62. Rxc5 dxc5 63. Bxc2 Rxb5 64.
Ke2 Rb4 65. Kd3 Ke7 66. Kc3 Kd6 67. Bxf5 Kxd5 68. Bd3 f6 69. e4+ Rxe4 70. Bc4+ Rxc4+ 0-1

[Event "*** Titled Tuesday 3|2 Blitz (Early)"]
[Site "Chess.com"]
[Date "2016.12.06"]
[Round "5"]
[White "Noukii"]
[Black "ftorodent"]
[Result "1-0"]
[WhiteElo "2668"]
[BlackElo "2501"]
[TimeControl "180+2"]
[EndTime "12:05:12 PST"]
[Termination "Noukii won by resignation"]

1. d4 d5 2. Nf3 Nf6 3. c4 e6 4.
g3 Be7 5. Bg2 O-O 6. O-O dxc4 7.
Qc2 a6 8. a4 Bd7 9. Qxc4 Bc6 10.
Bg5 a5 11. Nc3 Na6 12. Rad1 Nb4 13. Bxf6 Bxf6 14. e4 b6 15. Qe2 Bb7 16. Rfe1 Qd7 17. h4 h6 18. Rd2 Rfd8 19. Red1 Ba6 20. Qe3 Bc4 21. Qf4 Bb3 22. Rc1 Rac8 23. g4 Be7 24.
g5 hxg5 25. hxg5 g6 26. Ne5 Bd6 27. Bf1 Qe7 28. Nb5 Kg7 29. Nxd6 cxd6 30. Rxc8 Rxc8 31. Ng4 Rc1 32. Kg2 Bxa4 33. Nf6 Rc8 34. Re2 e5 35. Qg4 Rh8 36. Re3 exd4 37. Rh3 Qf8 38. Qf3 Bc6 39.
Ne8+ Kg8 40. Nf6+ Kg7 41. Nd7 Qe7 42. Rxh8 Qxg5+ 43. Kh2 Kxh8 44. Qxf7 Qh4+ 45. Bh3 Bxd7 46. Qxd7 Qxf2+ 47. Bg2 Qf4+ 48. Kg1 Nd3 49. Bh3 Qg3+ 50. Bg2 Qe1+ 51. Kh2 Qh4+ 52. Bh3 Qf4+ 53. Kg1 Qf2+ 54. Kh1 Qf3+ 55. Bg2 Qh5+ 56. Kg1 Qd1+ 57. Kh2 Qh5+ 58. Kg1 Qe5 59. Qd8+ Kg7 60. Qd7+ Kh6 61. Qh3+ Kg7 62. Qxd3 b5 63. b3 a4 64. b4 g5 65. Bf1 Kf6 66. Kf2 g4 67. Be2 Kg5 68. Ke1 Kf4 69. Qd2+ Kxe4 70. Kd1 Qf4 71. Qd3+ Ke5 72. Qxb5+ Kf6 73.
Qxa4 g3 74. Qc6 Qe5 75. Qf3+ Ke7 76. b5 d3 77. Bxd3 Qa1+ 78. Ke2 Qb2+ 79. Ke3 Qe5+ 80. Qe4 g2 81. Qxe5+ dxe5 82. Kf2 1-0

[Event "*** Titled Tuesday 3|2 Blitz (Early)"]
[Site "Chess.com"]
[Date "2016.12.06"]
[Round "5"]
[White "Hieronymus00"]
[Black "saraswathii"]
[Result "0-1"]
[WhiteElo "2109"]
[BlackElo "2185"]
[TimeControl "180+2"]
[EndTime "12:05:25 PST"]
[Termination "saraswathii won on time"]

1. e4 c5 2. Nf3 e6 3. d4 cxd4 4.
Nxd4 Nf6 5. Nc3 Nc6 6. Ndb5 Bb4 7. a3 Bxc3+ 8. Nxc3 d5 9. Bd3 d4 10. Ne2 e5 11.
Ng3 O-O 12. O-O Ne7 13. f4 exf4 14. Bxf4 Ng6 15. Bg5 Ne5 16. Qd2 Neg4 17. e5 h6 18.
exf6 hxg5 19. Qxg5 Nxf6 20. Qh4 Re8 21. Rae1 Be6 22. Rf2 Rc8 23. Ref1 Bc4 24. Rxf6 Bxd3 25. cxd3 gxf6 26. Nh5 Re6 27. Qg4+ Kf8 28. Qg7+ Ke7 29. Nxf6 Rc7 30. Ne4 Qe8 31. Qxd4 b6 32. Ng5 Re2 33. h3 f5 34. Rxf5 Rc1+ 35. Kh2 Qb8+ 36. Rf4 Rf1 37. Qf6+ Kd7 38. Qf7+ Kc6 39. Qf6+ Kb7 40. Nf3 Qg8 41. Qf7+ Qxf7 42. Rxf7+ Ka6 43. Kg3 Rxb2 44. h4 Rff2 45.
h5 Rxg2+ 46. Kf4 Rgf2 47. h6 Rb5 48. h7 Rh5 49. Ke3 Rf1 50. Kf4 Rh3 51. Kg4 Rhh1 52. Rg7 Rd1 53. Ng5 Rxd3 54. Rg8 Rd4+ 55. Kf5 Rdh4 56.
Kg6 Rh6+ 57. Kg7 R6h5 58. Kg6 Rxg5+ 59. Kxg5 Rxh7 60. Kf4 Rh3 61. a4 Ra3 62. Ke5 Rxa4 63. Kd6 Rc4 64. Kd5 Rc1 65. Kd4 Kb5 66. Rg5+ Rc5 67.
Rg2 a5 68. Rb2+ Ka6 69. Rg2 a4 70. Rh2 Ka5 71. Rh8 Rc7 72. Rh3 Kb4 73. Rh1 b5 74. Rb1+ Ka5 75. Kd3 a3 76. Ra1 Ka4 77. Rh1 a2 78.
Rh4+ b4 79. Rh8 Rc3+ 80. Kd2 Ra3 81. Ra8+ Kb3 0-1

[Event "*** Titled Tuesday 3|2 Blitz (Early)"]
[Site "Chess.com"]
[Date "2016.12.06"]
[Round "5"]
[White "RitvarsReimanis"]
[Black "AmazingAtlas"]
[Result "1-0"]
[WhiteElo "2403"]
[BlackElo "2294"]
[TimeControl "180+2"]
[EndTime "12:06:58 PST"]
[Termination "RitvarsReimanis won by resignation"]

1. d4 Nf6 2. c4 c5 3. d5 b5 4.
cxb5 a6 5. bxa6 g6 6. Nc3 Bxa6 7.
Nf3 d6 8. g3 Bg7 9. Bg2 Nbd7 10. O-O O-O 11. Rb1 Qa5 12. Bd2 Nb6 13. b3 Bb7 14. e4 Ne8 15. Na4 Qa6 16. Nxb6 Qxb6 17.
a4 Nc7 18. Re1 Rfb8 19. Bg5 Kf8 20. Nd2 Ba6 21. Be3 Qb4 22. Qc2 Rb7 23. Bf1 Bxf1 24. Kxf1 Na6 25. Rec1 Rab8 26. Qc4 Qb6 27. f4 Nb4 28. e5 Qa5 29. Ne4 Na2 30. Rc2 Nb4 31. Re2 Qa6 32. exd6 exd6 33. Qxa6 Nxa6 34. Nxd6 Rxb3 35.
Rxb3 Rxb3 36. Bxc5 Rb1+ 37. Kg2 Bc3 38. Ba3 Kg7 39. Ne8+ Kg8 40. d6 Ra1 41. d7 Ba5 42.
Be7 Rd1 43. Kf3 Nb8 44. Nf6+ Kg7 45. Ne8+ Kg8 46. Nd6 Nxd7 47. Nc4 Bc7 48. Rd2 Rxd2 49. Nxd2 Nb6 50. a5 Nd5 51. a6 Bb6 52. Bd6 f5 53.
Bb8 Nb4 54. a7 Bxa7 55. Bxa7 Nc6 56. Bc5 Kf7 57. Nc4 Ke6 58. Ba3 Kd5 59. Ne3+ Ke6 60. Bb2 Nb4 61. Nc4 Nd3 62. Bd4 Nb4 63. Ne3 Nc6 64. Bc3 Ne7 65. Nc2 Nc8 66. Ba1 Nd6 67.
Nd4+ Kd5 68. Kg2 Ne4 69. Nf3 Ke6 70. Ng5+ Nxg5 71. fxg5 Kd5 72. Kf3 Ke6 73. Ke3 Kd5 74. Bb2 Kc4 75. Kf4 Kd5 76. h4 Ke6 77. Ke3 Kd5 78. Kd3 Kc5 79. Be5 Kd5 80. Bd4 Ke6 81. Kc4 Kd6 82. Bc3 Kc6 83. Kd4 Kd6 84. Bb4+ Ke6 85. Ba3 Kf7 86. Ke5 Kg7 87. Ke6 Kg8 88. Ke7 Kg7 89. Bb2+ Kg8 90. Ke8 h5 91. gxh6 Kh7 92. Bc1 Kg8 93. Ke7 Kh7 94. Kf7 g5 95. hxg5 f4 96. gxf4 Kh8 97. f5 Kh7 98. g6+ 1-0

[Event "*** Titled Tuesday 3|2 Blitz (Early)"]
[Site "Chess.com"]
[Date "2016.12.06"]
[Round "5"]
[White "Aygehovit1992"]
[Black "SmoothAsAHedgehog"]
[Result "0-1"]
[WhiteElo "2445"]
[BlackElo "2504"]
[TimeControl "180+2"]
[EndTime "12:09:03 PST"]
[Termination "SmoothAsAHedgehog won by resignation"]

1. e4 e5 2. Nf3 Nc6 3. Bb5 a6 4. Ba4 Nf6 5. d3 d6 6. O-O g6 7. c4 Bg7 8. Nc3 O-O 9. h3 Nd7 10.
Be3 Ne7 11. d4 exd4 12. Bxd4 Nc5 13. Bxg7 Kxg7 14. Bc2 Nc6 15. Nd5 Be6 16. b4 Nd7 17. Rb1 Nde5 18. Nxe5 dxe5 19. f4 exf4 20. Rxf4 Qg5 21.
Qd2 Qe5 22. Rbf1 Qd4+ 23. Qxd4+ Nxd4 24. Bd1 c6 25. Nb6 Rad8 26. Kh2 h5 27. a4 a5 28.
bxa5 c5 29. R4f2 Nc6 30. Rb2 Nxa5 31. Nd5 Nxc4 32. Rxb7 Nd6 33. Rc7 Nxe4 34. Nf4 Bc4 35. Re1 Rfe8 36. Bc2 Nd6 37. Rxe8 Nxe8 38. Rxc5 Rd4 39.
Kg3 Nd6 40. Kf3 Rd2 41. Be4 Bb3 42. Bc6 Nc4 43. Bd5 Ne5+ 44. Ke3 Rb2 45. Bxb3 Rxb3+ 46. Ke4 Nd7 47. Rc7 Rb4+ 48. Ke3 Nb6 49. Ne6+ Kf6 50. Nf4 Rxa4 51. Rc6+ Kg5 52. Rxb6 Rxf4 53. Rb5+ Rf5 54. Rb4 h4 55. Rg4+ Kh5 56. Re4 Rg5 57. Kf3 Rf5+ 58. Ke3 Rf6 59. Re8 g5 60. Rg8 Rf5 61. Rg7 Kh6 62. Rg8 Kh7 63. Ra8 Kg6 64. Ra6+ f6 65. Ra8 Rb5 66. Kf3 Rb3+ 67. Kf2 Rb2+ 68. Kf3 Rb6 69.
Ra5 Rc6 70. Rb5 f5 71. Ra5 Rc3+ 72. Kf2 Rb3 73. Rc5 Rg3 74. Rc6+ Kh5 75. Rc5 f4 76. Rf5 Kg6 77. Rf8 Kg7 78. Rf5 Kh7 79. Rf7+ Kg6 80. Rf8 Rb3 81. Rg8+ Kf6 82. Rf8+ Kg7 83. Ra8 Kg6 84.
Rg8+ Kh6 85. Rh8+ Kg7 86. Ra8 Rc3 87. Ra6 Kf7 88. Rb6 Rg3 89. Rb7+ Kg6 90. Rb6+ Kg7 91. Rb7+ Kf6 92. Rb6+ Kf5 93. Rb5+ Ke6 94. Rb6+ Kd5 95.
Rb5+ Ke4 96. Rb4+ Kd5 97. Rb5+ Kd6 98. Ra5 Ke7 99. Rf5 Ke6 100. Ra5 f3 101. gxf3 Kf6 102. Ra6+ Kf5 103. Ra5+ Kg6 104. Ra6+ Kg7 105. Ra5 Kh6 106. Ra6+ Kh5 107. Ra5 Kg6 108. Ra6+ Kf5 109. Ra5+ Kf6 110. Ra6+ Ke5 111. Ra5+ Kd4 112. Ra4+ Kd5 113. Ra5+ Kd6 114. Ra6+ Kc7 115. Rg6 Kd7 116. Ke3 Ke7 117. Ke4 Kf7 118. Ra6 Rxh3 119. Kf5 Rg3 120. f4 g4 121. Ra7+ Ke8 122. Kf6 h3 123. Rh7 Rg2 124. f5 h2 125. Kg7 g3 126.
f6 Rf2 127. Rh8+ Kd7 128. f7 Rxf7+ 129. Kxf7 g2 0-1

[Event "*** Titled Tuesday 3|2 Blitz (Early)"]
[Site "Chess.com"]
[Date "2016.12.06"]
[Round "5"]
[White "Tash_Boy"]
[Black "Schemato"]
[Result "1/2-1/2"]
[WhiteElo "2469"]
[BlackElo "2307"]
[TimeControl "180+2"]
[EndTime "12:09:58 PST"]
[Termination "Game drawn by agreement"]

1. e4 e6 2. d4 d5 3. Nc3 Nf6 4. exd5 exd5 5. Bd3 c6 6. Bg5 Be7 7. Qf3 Bg4 8. Qg3 Bh5 9. Nge2 Bg6 10. Bxg6 hxg6 11.
O-O-O Nh5 12. Qe3 Nd7 13. Ng3 Kf8 14. h4 Nxg3 15. Qxg3 Rh5 16. Kb1 Kg8 17. Bf4 Bxh4 18. Qf3 Qf6 19. g3 Bg5 20. Ne2 Re8 21. Rxh5 gxh5 22. Qxh5 Bxf4 23. Nxf4 Nf8 24. Rh1 g6 25. Qd1 Re4 26. c3 Ne6 27. Nd3 Qf5 28. Ka1 Ng5 29.
f4 Ne6 30. Ne5 Nf8 31. a3 Nd7 32. Nd3 Qe6 33. g4 Re2 34. Ne5 Re4 35. f5 Qd6 36. Rh8+ Kg7 37. Qh1 Nxe5 38. Qh6+ Kf6 39. dxe5+ Qxe5 40. Rd8 Rxg4 41. fxg6 Rxg6 42. Qh4+ Qg5 43.
Qd4+ Qe5 44. Qf2+ Qf5 45. Qd4+ Qe5 46. Rd6+ Kf5 47. Qf2+ Qf4 48. Qc2+ Qe4 49. Qf2+ Qf4 50. Qc2+ Qe4 51. Qf2+ Ke5 52. Rd8 Rf6 53. Re8+ Re6 54.
Rf8 Kd6 55. Rxf7 Qe1+ 56. Qxe1 Rxe1+ 57. Ka2 Re7 58. Rf6+ Kc5 59. Rf2 a5 60. a4 b5 61.
Ka3 Re4 62. axb5 cxb5 63. Kb3 a4+ 64. Kc2 d4 65. Rf5+ Kc4 66. cxd4 Rxd4 67. Rh5 Rg4 68. Rh8 Rg2+ 69. Kb1 b4 70. Rh4+ Kb3 71. Rh3+ Kc4 72. Rh4+ Kc5 73. Rh5+ Kc6 74. Rh6+ Kc5 75. Rh5+ Kd6 76.
Rh6+ Ke5 77. Rh5+ Kf4 78. Rh4+ Rg4 79. Rh8 b3 80. Rh1 Ke3 81. Rh3+ Kf2 82. Kc1 Rg1+ 83. Kd2 Rb1 84. Kc3 Ke2 85. Rh4 Ra1 86. Rh2+ Ke3 87. Rh3+ Ke4 88. Rh4+ Kd5 89. Rh5+ Kc6 90. Rh6+ Kb5 91. Rh5+ Kb6 92. Rh6+ Kc5 93. Rh5+ Kd6 94. Kb4 Ra2 95. Kc3 Ke6 96. Rh6+ Kf5 97. Rh5+ Ke4 98. Rh4+ Ke3 99. Rh3+ Kf2 100. Rh2+ Kg3 101. Rh8 Ra1 102. Rg8+ Kf4 103. Rf8+ Kg3 104. Rg8+ Kf3 105. Rf8+ Ke2 106. Re8+ Kd1 107. Rd8+ Ke2 108. Re8+ Kf3 109. Rf8+ Ke4 110. Re8+ Kd5 111. Rd8+ Kc6 112. Rc8+ Kd7 113. Rb8 Kc7 114. Rh8 Re1 115. Rh4 Ra1 116. Rh7+ Kc6 117. Rh6+ Kc5 118. Rh5+ Kb6 119. Kb4 Ra2 120. Kc3 Kc6 121. Rh6+ Kb5 122. Rh5+ Kb6 123. Rh6+ Kb5 124. Rh5+ Kb6 1/2-1/2

[Event "*** Titled Tuesday 3|2 Blitz (Early)"]
[Site "Chess.com"]
[Date "2016.12.06"]
[Round "6"]
[White "Dlugy"]
[Black "E-Shaposhnikov"]
[Result "1/2-1/2"]
[WhiteElo "2636"]
[BlackElo "2730"]
[TimeControl "180+2"]
[EndTime "12:11:32 PST"]
[Termination "Game drawn by agreement"]

1. d4 Nf6 2. Bf4 b6 3. e3 Bb7 4. Nf3 e6 5. h3 g6 6. Be2 Bg7 7. O-O O-O 8. c4 d6 9. Nc3 Nbd7 10. Qc2 a6 11. Rad1 Qe7 12. Bh2 h6 13. b4 1/2-1/2

[Event "*** Titled Tuesday 3|2 Blitz (Early)"]
[Site "Chess.com"]
[Date "2016.12.06"]
[Round "6"]
[White "Harbuzi01"]
[Black "VitaliyBernadskiy"]
[Result "1/2-1/2"]
[WhiteElo "2694"]
[BlackElo "2585"]
[TimeControl "180+2"]
[EndTime "12:12:45 PST"]
[Termination "Game drawn by agreement"]

1. d4 Nf6 2. Nf3 g6 3. Bg5 Bg7 4. c3 O-O 5. Nbd2 d6 6. Bxf6 Bxf6 7. e3 Bg7 8. Bd3 e5 9. O-O Nc6 10. h3 Bd7 11. Qb3 Rb8 12. Qa3 a6 13. b4 f5 14.
dxe5 dxe5 15. e4 f4 16. Bc4+ Kh8 17. Rfd1 Qe7 18. Qb2 1/2-1/2

[Event "*** Titled Tuesday 3|2 Blitz (Early)"]
[Site "Chess.com"]
[Date "2016.12.06"]
[Round "6"]
[White "Vrolijk"]
[Black "Rating-Schmating"]
[Result "1-0"]
[WhiteElo "2217"]
[BlackElo "2225"]
[TimeControl "180+2"]
[EndTime "12:13:48 PST"]
[Termination "Vrolijk won by resignation"]

1. d4 Nf6 2. Bg5 d5 3. e3 c6 4. Nd2 Bf5 5. c4 e6 6. Ngf3 h6 7. Bxf6 Qxf6 8. Qb3 b6 9. c5 Qd8 10. Qc3 bxc5 11. dxc5 Nd7 12. b4 a5 13. a3 axb4 14. axb4 Rxa1+ 15. Qxa1 f6 16. Be2 Be7 17. Nd4 Qc7 18. Qa8+ Nb8 19. Nxc6 O-O 20. Nxe7+ Qxe7 21. O-O Nd7 22. Qa7 Rb8 23. c6 Rxb4 24. Qxd7 Qxd7 25. cxd7 Rb8 26. g4 Bg6 27. Rc1 Rd8 28. Rc8 Kf8 29.
Rxd8+ Ke7 30. Rg8 Kxd7 31. Rxg7+ 1-0

[Event "*** Titled Tuesday 3|2 Blitz (Early)"]
[Site "Chess.com"]
[Date "2016.12.06"]
[Round "6"]
[White "Ar4uha"]
[Black "jcibarra"]
[Result "0-1"]
[WhiteElo "2452"]
[BlackElo "2634"]
[TimeControl "180+2"]
[EndTime "12:14:01 PST"]
[Termination "jcibarra won by resignation"]

1. e4 e5 2. Nf3 Nc6 3. d4 exd4 4.
Nxd4 Nf6 5. Nxc6 bxc6 6. Bd3 d5 7. O-O dxe4 8. Qe1 Bf5 9. Bg5 Qe7 10. Bxf6 gxf6 11. Bc4 Bh6 12. Nc3 O-O 13. Qe2 Bg6 14. h4 Qe5 15. Rfe1 Rfe8 16. Qg4 f5 17. Qh3 Bh5 18.
Be2 Bxe2 19. Rxe2 Rab8 20. Rae1 Rxb2 21. Nxe4 fxe4 22. Rxe4 Qxe4 23. Qg3+ Bg7 24. Rxe4 Rxe4 25. Qxc7 Re1+ 26. Kh2 Be5+ 0-1

[Event "*** Titled Tuesday 3|2 Blitz (Early)"]
[Site "Chess.com"]
[Date "2016.12.06"]
[Round "6"]
[White "VladDobrov"]
[Black "rubhani"]
[Result "1-0"]
[WhiteElo "2602"]
[BlackElo "2403"]
[TimeControl "180+2"]
[EndTime "12:14:15 PST"]
[Termination "VladDobrov won by resignation"]

1. d4 Nf6 2. c4 e6 3. Nf3 b6 4. Nc3 Bb7 5. a3 g6 6. Qc2 Bg7 7. e4 O-O 8. e5 Ne8 9. h4 Bxf3 10. gxf3 Nc6 11. Be3 d6 12. O-O-O Ne7 13. Bd3 d5 14. cxd5 Nxd5 15. Nxd5 Qxd5 16. Be4 Qd8 17. Bxa8 Qxa8 18.
Qe4 c6 19. h5 Nc7 20. Qh4 Rd8 21. hxg6 hxg6 22. Bg5 Rc8 23. Qh7+ Kf8 24. Qh8+ 1-0

[Event "*** Titled Tuesday 3|2 Blitz (Early)"]
[Site "Chess.com"]
[Date "2016.12.06"]
[Round "6"]
[White "Astaneh"]
[Black "Schemato"]
[Result "1-0"]
[WhiteElo "2469"]
[BlackElo "2302"]
[TimeControl "180+2"]
[EndTime "12:14:52 PST"]
[Termination "Astaneh won by resignation"]

1. d4 e6 2. c4 f5 3. Nf3 Nf6 4.
g3 c6 5. Bg2 d5 6. b3 Bd6 7.
O-O Qe7 8. a4 a5 9. Ba3 Bxa3 10.
Nxa3 O-O 11. e3 Nbd7 12. Nc2 b6 13. Nce1 Bb7 14. Nd3 c5 15. Rc1 Rac8 16. cxd5 Bxd5 17. dxc5 Nxc5 18. Nxc5 Rxc5 19. Rxc5 Qxc5 20. Nd4 Rd8 21. Nxe6 Bxe6 22. Qxd8+ Kf7 23. Qd3 Qb4 24. Rb1 Ng4 25.
Bd5 Ne5 26. Qxf5+ 1-0

[Event "*** Titled Tuesday 3|2 Blitz (Early)"]
[Site "Chess.com"]
[Date "2016.12.06"]
[Round "6"]
[White "MateusViageiro"]
[Black "PowerThinking2650"]
[Result "1-0"]
[WhiteElo "2266"]
[BlackElo "2135"]
[TimeControl "180+2"]
[EndTime "12:14:53 PST"]
[Termination "MateusViageiro won by resignation"]

1. e4 e5 2. Nf3 Nc6 3. Bb5 a6 4. Ba4 Nf6 5. Bxc6 dxc6 6. d3 Nd7 7.
Nbd2 Bd6 8. Nc4 f6 9. Bd2 Nc5 10. Qe2 Bg4 11. h3 Bh5 12. g4 Bf7 13. Ne3 Ne6 14.
Nf5 Qd7 15. O-O-O c5 16. Kb1 O-O-O 17. Rhg1 h6 18. h4 Qa4 19. b3 Qa3 20. Bc1 Qa5 21. g5 hxg5 22. hxg5 Bh5 23. gxf6 gxf6 24. Qe3 Ng5 25.
Nxg5 Bxd1 26. Nf7 Bxc2+ 27. Kxc2 Qxa2+ 28. Bb2 c4 29. N5xd6+ cxd6 30. dxc4 1-0

[Event "*** Titled Tuesday 3|2 Blitz (Early)"]
[Site "Chess.com"]
[Date "2016.12.06"]
[Round "6"]
[White "MyleneFarmer"]
[Black "Keaton87"]
[Result "0-1"]
[WhiteElo "2370"]
[BlackElo "2466"]
[TimeControl "180+2"]
[EndTime "12:16:01 PST"]
[Termination "Keaton87 won by resignation"]

1. e4 c5 2. Nf3 d6 3. d4 cxd4 4.
Nxd4 Nf6 5. Nc3 g6 6. Be3 Bg7 7.
f3 O-O 8. Bc4 Nc6 9. h4 Bd7 10.
Bb3 Rc8 11. Qd2 h5 12. O-O-O Ne5 13. Kb1 Re8 14. g4 hxg4 15. h5 Nxh5 16. Bh6 e6 17. fxg4 Nxg4 18. Bxg7 Kxg7 19. Rdg1 Ngf6 20. Nde2 Rh8 21.
Qg5 Rc5 22. Qe3 Qb6 23. Rd1 Rc6 24. Qf3 Qc5 25. Nd4 Rb6 26. Nde2 Qe5 27. Rdg1 Bc6 28.
Ng3 Nxg3 29. Rxh8 Kxh8 30. Rxg3 Kg7 31. Rh3 Nxe4 32. Nxe4 Qxe4 33. Rh7+ Kxh7 34. Qxf7+ Kh6 35. Qf8+ Kh5 36. Qh8+ Kg4 0-1

[Event "*** Titled Tuesday 3|2 Blitz (Early)"]
[Site "Chess.com"]
[Date "2016.12.06"]
[Round "6"]
[White "RitvarsReimanis"]
[Black "avto24"]
[Result "1-0"]
[WhiteElo "2409"]
[BlackElo "2298"]
[TimeControl "180+2"]
[EndTime "12:16:01 PST"]
[Termination "RitvarsReimanis won by resignation"]

1. d4 d5 2. c4 c6 3. Nf3 Nf6 4.
e3 e6 5. b3 Bb4+ 6. Nbd2 O-O 7. a3 Bc3 8. Rb1 Ne4 9. Qc2 c5 10. cxd5 exd5 11. dxc5 a5 12. Bd3 Bf5 13. O-O Bxd2 14.
Nxd2 Nxd2 15. Bxd2 Bxd3 16. Qxd3 Nc6 17. Bc3 Qg5 18.
Rfd1 Rad8 19. Qb5 h5 20. Qxb7 Ne7 21. f4 1-0

[Event "*** Titled Tuesday 3|2 Blitz (Early)"]
[Site "Chess.com"]
[Date "2016.12.06"]
[Round "6"]
[White "Zhani-Z"]
[Black "Aguiar94"]
[Result "0-1"]
[WhiteElo "2276"]
[BlackElo "2364"]
[TimeControl "180+2"]
[EndTime "12:16:15 PST"]
[Termination "Aguiar94 won by resignation"]

1. d4 Nf6 2. c4 e6 3. Nc3 Bb4 4. e3 O-O 5. Ne2 d5 6. a3 Be7 7. cxd5 exd5 8. b4 c6 9. Ng3 Re8 10. Bd3 Nbd7 11. O-O Nf8 12. Rb1 Bd6 13. a4 Ng4 14. h3 Nf6 15. Nf5 Bc7 16. Qf3 Ne6 17. h4 g6 18. Nh6+ Kg7 19. e4 Nxd4 20. Qd1 dxe4 21. Bc4 Qd6 22. g3 e3 23. f4 Kxh6 0-1

[Event "*** Titled Tuesday 3|2 Blitz (Early)"]
[Site "Chess.com"]
[Date "2016.12.06"]
[Round "6"]
[White "Wilsonpalencia"]
[Black "Genghis_K"]
[Result "0-1"]
[WhiteElo "2397"]
[BlackElo "2676"]
[TimeControl "180+2"]
[EndTime "12:16:16 PST"]
[Termination "Genghis_K won by resignation"]

1. e4 c5 2. Nf3 d6 3. d4 cxd4 4.
Nxd4 Nf6 5. Nc3 a6 6. f3 e5 7.
Nb3 Be6 8. Be3 h5 9. Qd2 Nbd7 10.
Nd5 Nxd5 11. exd5 Bf5 12. Na5 Qc7 13. c4 Be7 14. Be2 O-O 15. O-O Bg6 16. b4 f5 17.
Rac1 Rad8 18. Rfd1 Nf6 19. Bd3 Rf7 20. Qf2 Re8 21.
Bc2 e4 22. Ba4 Ref8 23. Bd4 f4 24. c5 dxc5 25. Bxc5 e3 0-1

[Event "*** Titled Tuesday 3|2 Blitz (Early)"]
[Site "Chess.com"]
[Date "2016.12.06"]
[Round "6"]
[White "DanielNaroditsky"]
[Black "Zaven_ChessMood"]
[Result "1/2-1/2"]
[WhiteElo "2708"]
[BlackElo "2826"]
[TimeControl "180+2"]
[EndTime "12:16:34 PST"]
[Termination "Game drawn by repetition"]

1. d4 d5 2. Bf4 Nf6 3. e3 g6 4.
Nf3 Bg7 5. h3 O-O 6. Be2 c5 7.
c3 Nc6 8. Nbd2 a5 9. a4 Bf5 10. dxc5 Nd7 11. Nb3 e5 12. Bg5 Nf6 13. O-O Be6 14.
Bb5 Qc7 15. Bxf6 Bxf6 16. Nbd2 Rad8 17. Qe2 Be7 18. Bxc6 bxc6 19. b4 f5 20. Nb3 axb4 21.
cxb4 d4 22. Na5 d3 23. Qd2 e4 24. Nd4 Bd5 25. b5 cxb5 26. axb5 Bxc5 27. Rfc1 Qb6 28. Nac6 Ra8 29. Qc3 Bd6 30. Rxa8 Rxa8 31. Nxf5 gxf5 32. Qf6 d2 33. Qg5+ Kh8 34. Qf6+ Kg8 35. Qg5+ Kh8 36. Qf6+ Kg8 37. Qg5+ 1/2-1/2